Map: Apotheosis LE

Players

Gracz - Winner!

  • Race: Protoss Protoss

ALVARO

  • Race: Zerg Zerg
  • League: Silver

VOD

Have the link to the VOD?

Description

Time

  • Played on: Oct. 19, 2016, 10:32 a.m.
  • Length: 17:36
Show
View Real Time Build Order
Export as new Build Order

Gracz Protoss - Winner!

Build Orders:  

Get SALT Encoding   

  12  0:01  Probe (Chrono Boost)  
  13  0:19  Probe (Chrono Boost)  
  14  0:21  Pylon  
  14  0:33  Probe (Chrono Boost)  
  15  0:41  Gateway  
  15  0:50  Assimilator  
  15  1:01  Gateway  
  15  1:05  Gateway  
  15  1:21  Probe (Chrono Boost)  
  16  1:27  Pylon  
  16  1:31  Probe (Chrono Boost)  
  17  1:41  Cybernetics Core  
  17  1:42  Probe (Chrono Boost)  
  18  1:52  Probe (Chrono Boost)  
  19  2:03  Probe (Chrono Boost)  
  19  2:05  Pylon  
  19  2:06  Zealot  
  20  2:09  Zealot  
  24  2:21  Warp Gate  
  23  2:28  Stalker  
  25  2:35  Probe (Chrono Boost)  
  24  3:21  Unknown, Nexus  
  24  3:31  Sentry  
  24  3:32  Stalker  
  28  3:36  Adept  
  30  3:41  Pylon  
  30  4:00  Stalker  
  32  4:07  Stalker  
  34  4:25  Zealot  
  36  4:32  Unknown  
  36  4:34  Probe (Chrono Boost)  
  36  4:36  Probe (Chrono Boost)  
  38  4:45  Probe (Chrono Boost)  
  39  4:48  Assimilator, Probe (Chrono Boost)  
  40  4:55  Probe (Chrono Boost)  
  40  5:00  Probe (Chrono Boost)  
  40  5:06  Probe (Chrono Boost)  
  37  5:12  Probe (Chrono Boost)  
  37  5:13  Stalker  
  38  5:14  Stalker  
  38  5:15  Stalker  
  38  5:17  Probe (Chrono Boost)  
  43  5:24  Probe (Chrono Boost)  
  43  5:27  Probe (Chrono Boost)  
  46  5:36  Probe (Chrono Boost)  
  46  5:40  Assimilator  
  46  5:42  Assimilator  
  46  5:44  Sentry  
  46  5:45  Pylon  
  46  5:48  Probe (Chrono Boost)  
  46  5:49  Probe (Chrono Boost)  
  50  5:58  Probe (Chrono Boost)  
  50  6:01  Probe (Chrono Boost)  
  48  6:09  Probe (Chrono Boost)  
  43  6:13  Probe (Chrono Boost)  
  43  6:16  Stalker x2  
  46  6:19  Stalker  
  48  6:33  Twilight Council  
  48  6:35  Gateway  
  48  6:40  Gateway  
  48  6:43  Forge  
  48  6:47  Stalker  
  48  6:48  Robotics Facility, Zealot  
  48  6:49  Zealot  
  54  7:03  Probe (Chrono Boost)  
  54  7:04  Probe (Chrono Boost)  
  54  7:05  Protoss Ground Weapons Level 1  
  56  7:09  Stalker  
  56  7:13  Probe (Chrono Boost)  
  60  7:16  Probe (Chrono Boost)  
  60  7:22  Sentry  
  62  7:32  Pylon  
  62  7:37  Robotics Facility  
  62  7:40  Robotics Facility  
  62  7:50  Probe (Chrono Boost)  
  64  7:52  Probe (Chrono Boost)  
  64  7:58  Stalker x3  
  64  8:08  Probe (Chrono Boost)  
  64  8:09  Pylon x2  
  64  8:10  Probe (Chrono Boost)  
  62  8:13  Pylon  
  62  8:22  Pylon  
  41  8:58  Stalker  
  41  8:59  Stalker x2  
  41  9:00  Blink  
  41  9:02  Immortal  
  45  9:03  Immortal x2  
  57  9:27  Stalker, Zealot  
  53  10:08  Pylon  
  53  10:10  Pylon  
  53  10:29  Unknown, Nexus  
  53  10:39  Protoss Ground Armor Level 1  
  53  10:45  Cybernetics Core  
  53  11:35  Immortal  
  59  11:40  Mothership Core (Chrono Boost), Unknown  
  59  12:03  Stalker x2  
  63  12:09  Stalker  
  63  12:10  Stalker  
  67  12:25  Unknown, Nexus  
  67  12:30  Pylon  
  67  12:36  Stalker  
  69  12:55  Templar Archives  
  69  13:02  Robotics Bay  
  69  13:03  Gateway  
  69  13:12  Gateway  
  69  13:15  Stalker  
  69  13:17  Sentry x2  
  75  13:31  Immortal  
  79  13:37  Unknown  
  77  13:43  Probe x2 (Chrono Boost)  
  77  13:45  Probe (Chrono Boost)  
  80  13:51  Stalker  
  80  13:54  Probe (Chrono Boost)  
  84  13:57  Probe (Chrono Boost)  
  84  14:00  Stalker  
  86  14:12  Assimilator, Psionic Storm  
  86  14:13  Assimilator  
  86  14:15  Disruptor  
  89  14:27  Colossus  
  93  14:35  Stalker  
  79  15:08  Stalker x3  
  79  15:09  Stalker  
  87  15:24  Colossus  
  93  15:44  Stalker  
  93  15:45  Unknown, Stalker x2, Nexus  
  93  15:46  Stalker  
  93  15:47  Pylon  
  101  15:51  Pylon  
  101  15:53  Pylon  
  101  15:56  Disruptor  
  104  16:05  Immortal  
  108  16:12  Assimilator  
  108  16:14  Stalker, Zealot  
  108  16:15  Assimilator, Zealot x4  
  120  16:56  Unknown  
Show
View Real Time Build Order
Export as new Build Order

ALVARO Zerg 

Build Orders: Pool First 

Get SALT Encoding   

  12  0:21  Spawning Pool  
  12  0:22  Drone  
  12  0:27  Drone  
  13  0:32  Drone  
  14  0:57  Overlord  
  14  1:17  Zergling x6  
  17  1:19  Queen  
  19  1:33  Zergling x2  
  20  1:41  Zergling x2  
  20  1:44  Unknown, Hatchery  
  20  1:46  Extractor  
  19  2:10  Drone x2  
  21  2:38  Roach Warren, Extractor  
  19  2:56  Unknown  
  15  3:10  Drone x3  
  18  3:13  Drone x2  
  18  3:14  Drone  
  21  3:23  Roach  
  21  3:24  Overlord  
  21  3:25  Roach  
  25  3:34  Roach  
  27  3:40  Overlord  
  27  3:52  Roach  
  27  3:53  Roach  
  33  3:55  Roach  
  33  3:56  Roach  
  35  4:11  Drone  
  35  4:16  Roach  
  38  4:18  Roach  
  40  4:27  Drone  
  40  4:31  Overlord  
  41  4:44  Overlord, Drone x2  
  43  4:50  Drone x2  
  35  5:11  Roach x2  
  35  5:16  Spine Crawler  
  35  5:18  Spine Crawler  
  33  5:22  Roach x2  
  33  5:23  Roach x4  
  45  5:31  Drone  
  45  5:32  Drone  
  47  5:42  Spine Crawler  
  46  5:45  Drone  
  43  6:22  Lair  
  43  6:29  Evolution Chamber  
  42  6:36  Roach x3  
  42  6:39  Metabolic Boost  
  48  6:42  Unknown, Hatchery  
  47  6:53  Roach  
  49  7:08  Zergling x12  
  55  7:22  Spine Crawler  
  54  7:32  Ravager  
  54  7:34  Ravager  
  58  7:44  Roach x2  
  55  7:53  Unknown  
  52  8:10  Overlord x2  
  38  9:04  Zergling x2  
  38  9:05  Zergling x4  
  42  9:10  Overlord, Drone x2  
  43  9:18  Glial Reconstitution  
  43  9:23  Roach x3  
  43  9:24  Roach x3  
  38  10:10  Spire  
  37  10:16  Spine Crawler  
  36  10:23  Spine Crawler  
  36  10:24  Roach x3  
  36  10:25  Ravager  
  36  10:27  Ravager  
  43  10:33  Spine Crawler  
  42  10:36  Tunneling Claws  
  42  10:43  Extractor, Drone x3  
  44  10:52  Drone x2  
  46  10:58  Overseer  
  46  11:03  Zergling x2  
  47  11:06  Queen  
  49  11:12  Roach  
  49  11:13  Roach  
  53  11:21  Roach  
  53  11:22  Roach x2  
  59  11:36  Zergling x6  
  62  11:41  Overlord x3  
  62  11:48  Mutalisk  
  62  11:49  Mutalisk  
  66  11:55  Overlord  
  66  11:56  Overlord  
  66  12:02  Mutalisk  
  68  12:21  Infestation Pit  
  67  12:23  Mutalisk  
  69  12:45  Mutalisk  
  71  12:57  Zergling x6  
  74  13:03  Drone x3  
  77  13:51  Hive  
  77  13:53  Corruptor  
  77  13:54  Corruptor x2  
  83  14:17  Roach x3  
  53  15:03  Corruptor x2  
  53  15:06  Greater Spire  
  57  15:08  Corruptor  
  59  15:16  Zergling x6  
  59  15:21  Queen  
  62  15:25  Zergling x2  
  62  15:26  Zergling x4  
  67  15:31  Zerg Ground Armor Level 1  
  67  15:36  Corruptor  
  67  15:37  Corruptor  
  71  16:05  Zergling x2  
  71  16:06  Zergling x8  
  71  16:10  Overlord  
  76  16:23  Brood Lord  
  76  16:25  Brood Lord  
  80  16:30  Brood Lord  
  79  16:38  Zergling x4  
  81  16:46  Spine Crawler  
  80  16:49  Brood Lord  
Tags
 
Add a new tag
Caveats
  • Supply blocks, unpowered buildings, or Contaminate may cause inaccurate times.
  • Supply counts are checked every 10 seconds.